 Dungeon Crawl Stone Soup version 0.29-a0-72-g1732ff48e7 (webtiles) character file.

Game seed: 5236748234936088242

526 fragbeetle the Poker (level 7, -13/59 HPs)
             Began as a Ghoul Gladiator on Feb 4, 2022.
             Killed from afar by an orc (35 damage)
             ... with a bolt of acid
             ... on level 4 of the Dungeon.
             The game lasted 00:06:16 (3619 turns).

fragbeetle the Poker (Ghoul Gladiator)              Turns: 3619, Time: 00:06:16

Health: -13/59     AC:  6    Str: 20    XL:     7   Next: 23%
Magic:  6/6        EV: 11    Int:  3    God:
Gold:   140        SH:  0    Dex: 10    Spells: 6/6 levels left

rFire   . . .      SeeInvis .   a - +0 trident
rCold   + . .      Faith    .   (no shield)
rNeg    + + +      Spirit   .   m - +0 ring mail
rPois   ∞          Reflect  .   c - +0 helmet
rElec   .          Harm     .   (no cloak)
rCorr   .          Rampage  .   (no gloves)
Will    .....                   (no boots)
Stlth   ..........              (no amulet)
HPRegen 0.00/turn               (no ring)
MPRegen 0.10/turn               (no ring)

@: inhibited regen
A: claws 1, cold resistance 1, negative energy resistance 3, inhibited
regeneration, torment resistance 2
a: no special abilities


You were on level 4 of the Dungeon.
You visited 1 branch of the dungeon, and saw 4 of its levels.
You also visited: Sewer.

You collected 140 gold pieces.

Inventory:

Hand Weapons
 a - a +0 trident (weapon)
Missiles
 b - 3 boomerangs (quivered)
 d - 3 throwing nets
 o - 7 poisoned darts
Armour
 c - a +0 helmet (worn)
 m - a +0 ring mail (worn)
Magical Staves
 k - a staff of cold
Scrolls
 f - 3 scrolls of enchant weapon {unknown}
 g - 2 scrolls of identify
 h - a scroll of fear {unknown}
 i - a scroll of fog {unknown}
 j - a scroll of blinking {unknown}
 l - 2 scrolls of teleportation
 n - a scroll of vulnerability {unknown}
 p - a scroll of silence {unknown}
 r - 2 scrolls of summoning {unknown}
 t - a scroll of brand weapon {unknown}
 u - a scroll of immolation {unknown}
Potions
 e - a potion of brilliance {unknown}
 q - a potion of magic {unknown}
 s - a potion of haste {unknown}


   Skills:
 + Level 4.1 Fighting
 * Level 5.1 Polearms
 * Level 4.3 Throwing
 - Level 3.0 Dodging


You had 6 spell levels left.
You didn't know any spells.
Your spell library was empty.

Dungeon Overview and Level Annotations

Branches:
Dungeon (4/15)              Sewer (visited)
 Temple: D:4-7

Altars:
Ashenzari
Cheibriados
Ru


Innate Abilities, Weirdness & Mutations

You thrive by killing the living.
You are immune to poison.
You have sharp fingernails.
Your flesh is cold resistant. (rC+)
You are immune to negative energy. (rN+++)
You do not regenerate when monsters are visible.
You are immune to unholy pain and torment.


Message History

The water moccasin bites you!
You closely miss the water moccasin.
The water moccasin is heavily wounded.
The water moccasin bites you. The water moccasin misses you.
You puncture the water moccasin!
The water moccasin is almost dead.
The water moccasin bites you.
You barely miss the water moccasin.
The water moccasin is almost dead.
The water moccasin bites you but does no damage.
The water moccasin bites you.
You are too injured to fight recklessly!
You are too injured to fight recklessly!
You are too injured to fight recklessly!
You are too injured to fight recklessly!
You hit the water moccasin but do no damage.
The water moccasin is almost dead.
The water moccasin bites you but does no damage.
You barely miss the water moccasin.
The water moccasin is almost dead.
The water moccasin bites you. x2
You closely miss the water moccasin.
The water moccasin is almost dead.
The water moccasin misses you.
You closely miss the water moccasin.
The water moccasin is almost dead.
The water moccasin bites you.
* * * LOW HITPOINT WARNING * * *
The water moccasin bites you but does no damage.
You puncture the water moccasin!
You kill the water moccasin!
You feel better.
Your Fighting skill increases to level 4!
Your Polearms skill increases to level 5!
You have reached level 7!
You start resting.
An orc is nearby!
The orc zaps a wand.
The bolt of acid hits you!!
Ouch! That really hurt!
You die...

.#. ########.....
####.....o......
#...@..####.#...
#####.#.#....#
#######.###.....#.## .
#......................
#####...........#.##...
#.........#.#.....#
#...............>..
#..................
#.........#.#.#####


You could see an orc.

Vanquished Creatures
  A water moccasin (D:4)
  Pargi (Sewer)
  A necrophage (D:4)
  A water moccasin skeleton (D:4)
  An orc wizard (D:4)
  A hound skeleton (D:4)
  6 adders
  2 river rats (D:4)
  An adder skeleton (D:4)
  2 worms
  2 dart slugs
  An orc (D:3)
  6 endoplasms
  4 giant cockroaches
  6 goblins
  9 hobgoblins
  6 quokkas
  5 ball pythons
  7 bats
  11 frilled lizards
  5 kobolds
  8 rats
87 creatures vanquished.

Vanquished Creatures (others)
  A fungus (D:3)
  10 plants (D:3)
11 creatures vanquished.

Grand Total: 98 creatures vanquished

Notes
Turn   | Place    | Note
-------+----------+-------------------------------------------
     0 | D:1      | fragbeetle the Ghoul Gladiator began the quest for the Orb.
     0 | D:1      | Reached XP level 1. HP: 17/17 MP: 0/0
   510 | D:1      | Reached XP level 2. HP: 25/25 MP: 1/1
   602 | D:1      | Reached skill level 3 in Polearms
  1084 | D:2      | Reached XP level 3. HP: 30/30 MP: 2/2
  1473 | D:3      | Found a snail-covered altar of Cheibriados.
  1762 | D:3      | Reached XP level 4. HP: 37/37 MP: 3/3
  1995 | D:3      | Found a faded altar of an unknown god.
  2285 | D:3      | Found a sacrificial altar of Ru.
  2393 | D:4      | Reached XP level 5. HP: 39/45 MP: 4/4
  2416 | D:4      | Noticed a necrophage
  2429 | D:4      | Killed a necrophage
  2430 | D:4      | Reached skill level 4 in Polearms
  2441 | D:4      | Reached XP level 6. HP: 27/51 MP: 5/5
  2521 | D:4      | Found a broken altar of Ashenzari.
  2737 | D:4      | Found a glowing drain.
  2818 | Sewer    | Entered a sewer
  2957 | Sewer    | Noticed Pargi
  2976 | Sewer    | Killed Pargi
  3598 | D:4      | Noticed a water moccasin
  3614 | D:4      | Killed a water moccasin
  3615 | D:4      | Reached skill level 5 in Polearms
  3615 | D:4      | Reached XP level 7. HP: 21/59 MP: 6/6
  3619 | D:4      | Killed from afar by an orc

Illustrated notes

Levels and vault maps discovered:
D:1:      dpeg_arrival_water_temple_mockup, layout_basic, minmay_door_square
D:2:      layout_basic, minmay_pentomino_w2
D:3:      layout_loops_ring, mainiacjoe_overflow_paths,
          nicolae_ru_path_of_blood, shapermc_ecumenical_altar_hornbeckon
D:4:      layout_basic, nicolae_ashenzari_skybound, gup_sewer_entry_spiral

Skill      XL: |  1  2  3  4  5  6 |
---------------+-------------------+-----
Polearms       | 3 4 5 |  5.1
Throwing       | 2 3 4 |  4.3
Dodging        | 3 |  3.0
Fighting       | 3 4 |  4.1

Action                   |  1- 3 |  4- 6 |  7- 9 || total
-------------------------+-------+-------+-------++-------
Melee: Trident           |   129 |   214 |       ||   343
       Punch             |     1 |     4 |       ||     5
Throw: Boomerang         |       |     1 |       ||     1
  Use: Scroll            |       |     2 |       ||     2
Armor: Leather armour    |    25 |       |       ||    25
       Ring mail         |    13 |    91 |       ||   104
Dodge: Dodged            |    72 |   123 |       ||   195

Table legend: (Time is in decaauts)
 A = Elapsed time spent in this place.
 B = Non-inter-level travel time spent in this place.
 C = Inter-level travel time spent in this place.
 D = Time resting spent in this place.
 E = Time spent auto-exploring this place.
 F = Levels seen in this place.
 G = Mean time per level.
                   A        B        C        D        E       F      G
               +--------+--------+--------+--------+--------+-----+--------+
         Total |   3751 |   3556 |    195 |    544 |   1958 |   5 |  750.2 |
       Dungeon |   3252 |   3057 |    195 |    309 |   1856 |   4 |  813.0 |
         Sewer |    498 |    498 |      0 |    235 |    101 |   1 |  498.0 |
               +--------+--------+--------+--------+--------+-----+--------+

Top non-repeatable levels by time:
     D:1: 1004 daAuts
     D:3: 916 daAuts
     D:4: 885 daAuts
   Sewer: 498 daAuts
     D:2: 447 daAuts
